 Dungeon Crawl Stone Soup version 0.28.0 (webtiles) character file.

Game seed: 12511461825226531246

255 Erasure the Covered (level 5, -1/47 HPs)
             Began as a Minotaur Fighter on Feb 4, 2022.
             Was an Initiate of Wu Jian.
             Slain by a quokka (2 damage)
             ... on level 4 of the Dungeon.
             The game lasted 00:10:49 (3106 turns).

Erasure the Covered (Minotaur Fighter)              Turns: 3106, Time: 00:10:50

Health: -1/47      AC:  9    Str: 23    XL:     5   Next: 91%
Magic:  0/4        EV:  8    Int:  5    God:    Wu Jian [......]
Gold:   112        SH:  4    Dex: 11    Spells: 4/4 levels left

rFire   . . .      SeeInvis +   h - +1 short sword (vamp)
rCold   . . .      Faith    .   c - +0 buckler
rNeg    . . .      Spirit   +   r - +0 chain mail
rPois   .          Reflect  .   (helmet restricted)
rElec   .          Harm     .   (no cloak)
rCorr   .          Rampage  .   (no gloves)
Will    .....                   (no boots)
Stlth   ..........              m - amulet of guardian spirit
HPRegen 0.15/turn               b - ring "Kuetauxo" {Dex+2 SInv}
MPRegen 0.09/turn               (no ring)

@: lethally poisoned (-1 -> -3), attractive
A: horns 2, retaliatory headbutt
a: Renounce Religion


You were on level 4 of the Dungeon.
You worshipped Wu Jian.
Wu Jian was noncommittal.
You visited 1 branch of the dungeon, and saw 4 of its levels.

You collected 112 gold pieces.

Inventory:

Hand Weapons
 a - a +0 long sword
 h - a +1 vampiric short sword (weapon)
Armour
 c - a +0 buckler (worn)
 r - a +0 chain mail (worn)
Jewellery
 b - the ring "Kuetauxo" (left hand) {Dex+2 SInv}
   (You found it on level 4 of the Dungeon)

   [ring of see invisible]

   Dex:       It affects your dexterity (+2).
   SInv:      It lets you see invisible.
 m - an amulet of guardian spirit (around neck)
Wands
 n - a wand of digging (3)
Scrolls
 d - a scroll of summoning {unknown}
 f - 2 scrolls of acquirement {unknown}
 i - a scroll of blinking {unknown}
 j - a scroll of immolation {unknown}
 k - a scroll of amnesia {unknown}
 l - a scroll of enchant armour {unknown}
 o - a scroll of enchant weapon {unknown}
 q - 2 scrolls of identify {unknown}
 s - a scroll of teleportation {unknown}
Potions
 e - a potion of resistance {unknown}
 p - a potion of mutation {unknown}


   Skills:
 + Level 4.7 Fighting
 + Level 3.0(3.8) Short Blades
 + Level 3.8(4.4) Long Blades
 + Level 4.9 Armour
 + Level 1.3 Dodging
 + Level 0.1 Stealth
 + Level 4.2 Shields


You had 4 spell levels left.
You didn't know any spells.
Your spell library contained the following spells:

 Spells                   Type           Power      Damage    Failure   Level
 Stone Arrow              Conj/Erth      0%         3d7       100%        3
 Tukima's Dance           Hex            0%         N/A       100%        3
 Animate Armour           Summ/Erth      0%         N/A       100%        4
 Passage of Golubria      Tloc           0%         N/A       100%        4
 Yara's Violent Unravell  Hex/Tmut       0%         3d3       100%        5
 Lehudib's Crystal Spear  Conj/Erth      0%         10d2      100%        8


Dungeon Overview and Level Annotations

Branches:
Dungeon (4/15)
 Temple: D:4-7

Altars:
Gozag
Wu Jian

Annotations:
D:4 2 transporters, altcumming's ghost, amateur MiFi


Innate Abilities, Weirdness & Mutations

You have a pair of horns on your head.
You reflexively headbutt those who attack you in melee.


Message History

* * * LOW HITPOINT WARNING * * *
You feel very sick. The scorpion stings you.
* * * LOW HITPOINT WARNING * * *
The orc wizard casts a spell at you.
The orc wizard resists with some effort.
You barely miss the scorpion. You headbutt the scorpion!
The scorpion is severely wounded.
You feel less confused.
* * * LOW HITPOINT WARNING * * *
You feel sick. The scorpion completely misses you. You furiously retaliate!
You headbutt the scorpion!
You kill the scorpion!
The Council accepts your kill.
The quokka twitches its whiskers.
Your Short Blades skill increases to level 3!
* * * LOW HITPOINT WARNING * * *
You feel sick.
The orc wizard hits you with a +0 dagger.
* * * LOW HITPOINT WARNING * * *
It was a potion of attraction.
You feel attractive to monsters.
* * * LOW HITPOINT WARNING * * *
You feel sick.
The orc wizard hits you with a +0 dagger.
* * * LOW HITPOINT WARNING * * *
The quokka closely misses you.
There is a lethal amount of poison in your body!
You hit the quokka.
You feel better.
Your headbutt misses the quokka.
The quokka is heavily wounded.
* * * LOW HITPOINT WARNING * * *
You feel sick. The quokka barely misses you.
You hit the quokka but do no damage.
The quokka is heavily wounded.
* * * LOW HITPOINT WARNING * * *
You feel sick. The quokka closely misses you. You furiously retaliate!
You headbutt the quokka.
* * * LOW HITPOINT WARNING * * *
You feel sick. The quokka bites you.
You die...

#.#...#..... .... #..#
......#..##...##..#.)# #
.#....#..#8...8#..#..#.#
.#....#..##...##..#..#.#
##....#.........Z.#....#
###...#........ZZW#..###
......#############).#######
####........©....oo.........
................@ro..#######
#####.#.####.#######.#
...... ...# #.# #.##..######
#.# #. #.># #.# # #### #.#
#.# #.# #..


You could see 2 orc wizards, altcumming's ghost, an orc, a quokka, a water
moccasin skeleton and 2 centaur skeletons.

Vanquished Creatures
  A scorpion (D:4)
  An iguana (D:4)
  A hound skeleton (D:4)
  3 gnolls (D:2)
  6 adders
  3 worms
  8 orcs
  6 ball pythons
  8 endoplasms
  4 giant cockroaches
  4 goblins
  3 hobgoblins
  5 kobolds
  A quokka (D:2)
  6 bats
  4 frilled lizards
  3 rats
67 creatures vanquished.

Vanquished Creatures (others)
  5 plants (D:3)
  5 toadstools (D:1)
10 creatures vanquished.

Grand Total: 77 creatures vanquished

Notes
Turn   | Place    | Note
-------+----------+-------------------------------------------
     0 | D:1      | Erasure the Minotaur Fighter began the quest for the Orb.
     0 | D:1      | Reached XP level 1. HP: 19/19 MP: 0/0
   310 | D:1      | Reached XP level 2. HP: 21/27 MP: 1/1
  1008 | D:2      | Reached XP level 3. HP: 31/33 MP: 2/2
  1366 | D:2      | Reached skill level 1 in Dodging
  1453 | D:2      | Reached XP level 4. HP: 41/41 MP: 3/3
  1680 | D:2      | Reached skill level 1 in Short Blades
  2165 | D:3      | Found a faded altar of an unknown god.
  2528 | D:3      | Found an ornate altar of the Wu Jian Council.
  2550 | D:3      | Reached XP level 5. HP: 47/47 MP: 4/4
  2749 | D:3      | Became a worshipper of the Wu Jian Council
  2933 | D:4      | Identified the ring "Kuetauxo" {Dex+2 SInv}
  2960 | D:4      | Found an opulent altar of Gozag.
  3029 | D:4      | Found a transporter.
  3044 | D:4      | Found a transporter.
  3048 | D:4      | Noticed altcumming's ghost (amateur MiFi)
  3103 | D:4      | HP: 1/47 [orc wizard (2)]
  3106 | D:4      | Slain by a quokka

Illustrated notes

Levels and vault maps discovered:
D:1:      ldierk_walled_garden, layout_basic, minmay_misc_feat_cross
D:2:      layout_loops_cross
D:3:      layout_loops_ring, mainiacjoe_overflow_alcove_4,
          nicolae_ecumenical_oubliette
D:4:      layout_basic, kennysheep_mini, nicolae_gozag_seed_capital,
          gammafunk_ghost_mausoleum, uniq_menkaure

Skill      XL: |  1  2  3  4  5 |
---------------+----------------+-----
Fighting       | 4 |  4.7
Long Blades    | 3 |  3.8
Shields        | 4 |  4.2
Armour         | 4 |  4.9
Dodging        | 1 |  1.3
Short Blades   | 1 3 |  3.0
Stealth        | |  0.1

Action                   |  1- 3 |  4- 6 || total
-------------------------+-------+-------++-------
Melee: Long sword        |    62 |       ||    62
       Headbutt          |     7 |    16 ||    23
       Short sword       |    23 |   120 ||   143
Invok: Lunge             |       |     3 ||     3
  Use: Potion            |     1 |     1 ||     2
Armor: Scale mail        |    41 |    44 ||    85
       Chain mail        |       |    13 ||    13
Dodge: Dodged            |    50 |    51 ||   101
Block: Buckler           |    15 |    17 ||    32
